 Dungeon Crawl Stone Soup version 0.31-a0-145-g046c7d2549 (webtiles) character file.

Game seed: 380311367008021151

122 qw the Shooter (level 4, 0/34 (38) HPs)
             Began as a Minotaur Hunter on June 7, 2023.
             Slain by an orc
             ... wielding a +2 short sword of draining
              (1 damage)
             ... on level 4 of the Dungeon.
             The game lasted 00:00:58 (2699 turns).

qw the Shooter (Minotaur Hunter)                    Turns: 2699, Time: 00:00:58

HP:   0/34 (38)     AC:  4    Str: 16    XL:     4   Next: 78%
MP:   3/3           EV: 13    Int:  6    God:
Gold: 90            SH:  0    Dex: 21    Spells: 3/3 levels left

rFire   . . .        Y - +0 shortbow
rCold   . . .        (shield currently unavailable)
rNeg    . . .        c - +0 leather armour
rPois   +            (helmet restricted)
rElec   .            (no cloak)
rCorr   .            (no gloves)
SInv    .            f - +0 pair of boots
Will    .....        (no amulet)
Stlth   ++           b - +6 ring of dexterity
HPRegen 0.25/turn    j - ring of poison resistance
MPRegen 0.08/turn

%: no passive effects
@: heavily drained
A: horns 2, retaliatory headbutt
a: no special abilities


You were on level 4 of the Dungeon.
You visited 1 branch of the dungeon, and saw 4 of its levels.

You collected 150 gold pieces.
You spent 60 gold pieces at shops.


Innate Abilities, Weirdness & Mutations

You have a pair of horns on your head.
You reflexively headbutt those who attack you in melee.


   Skills:
 + Level 3.2 Fighting
 - Level 6.0 Ranged Weapons
 - Level 1.0 Armour
 - Level 3.0 Dodging
 - Level 0.7 Stealth


You had 3 spell levels left.
You didn't know any spells.
Your spell library was empty.

Inventory:

Hand Weapons
 Y - a +0 shortbow (weapon)
Armour
 c - a +0 leather armour (worn)
 f - a +0 pair of boots (worn)
Jewellery
 b - a +6 ring of dexterity (left hand)
 j - a ring of poison resistance (right hand)
 n - a +4 ring of protection
Scrolls
 l - a scroll of identify
Potions
 d - a potion of degeneration {unknown}
 g - a potion of might
 h - a potion of lignification {unknown}
 i - a potion of heal wounds {unknown}
 k - 3 potions of curing
 m - a potion of attraction {unknown}

Dungeon Overview and Level Annotations

Branches:
Dungeon (4/15)
 Temple: D:4-7

Altars:

Shops:
D:2 !


Message History

The ball python bites you but does no damage.
The ball python barely misses you.
You shoot an arrow.
The arrow barely misses the ball python.
The arrow barely misses the goblin.
The ball python bites you but does no damage.
The ball python grabs you. The ball python constricts you.
You shoot an arrow.
The arrow completely misses the ball python.
The arrow barely misses the goblin.
The gnoll sergeant blocks the arrow.
The ball python bites you but does no damage.
The ball python constricts you.
You shoot an arrow.
The arrow barely misses the ball python.
The arrow hits the goblin but does no damage.
The ball python bites you. The ball python constricts you.
The ball python bites you. The ball python constricts you.
You shoot an arrow. The arrow hits the ball python!
You kill the ball python!
You shoot an arrow. The arrow hits the goblin.
You kill the goblin!
The gnoll sergeant hits you but does no damage.
You shoot an arrow. The arrow closely misses the orc.
The arrow hits the gnoll sergeant but does no damage.
The orc hits you with a +2 short sword of draining.
You feel drained. The gnoll sergeant misses you.
You shoot an arrow. The arrow closely misses the orc.
The arrow hits the gnoll sergeant but does no damage.
The orc hits you with a +2 short sword of draining.
You feel drained.
The gnoll sergeant hits you from afar with a +0 spear.
You shoot an arrow. The arrow barely misses the orc.
The arrow barely misses the gnoll sergeant.
The orc misses you.
The gnoll sergeant hits you from afar with a +0 spear!
You shoot an arrow. The arrow closely misses the orc.
The arrow barely misses the gnoll sergeant.
The orc hits you with a +2 short sword of draining.
You feel drained.
You die...

g. o. #. .## # .g# ##..
#.##....#
##################)...#
................@og.>#
######################


You could see a gnoll sergeant and an orc.

Vanquished Creatures
  5 adders
  2 worms (D:2)
  2 dart slugs
  3 orcs
  3 bats (D:1)
  2 endoplasms
  A giant cockroach (D:1)
  4 goblins
  7 hobgoblins
  3 jackals (D:1)
  3 quokkas
  10 ball pythons
  4 frilled lizards
  9 kobolds
  4 rats
62 creatures vanquished.

Notes
Turn   | Place    | Note
-------+----------+-------------------------------------------
     0 | D:1      | qw the Minotaur Hunter began the quest for the Orb.
     0 | D:1      | Reached XP level 1. HP: 18/18 MP: 0/0
     0 | D:1      | 0 ||| qw: Version: 0.2-a-117-gc6b5c8b
     0 | D:1      | 0 ||| qw: Game counter: 2540
     0 | D:1      | 0 ||| qw: Always use a shield: true
     0 | D:1      | 0 ||| qw: God list: Okawaru
     0 | D:1      | 0 ||| qw: Allow faded altars: false
     0 | D:1      | 0 ||| qw: Do Orc after D:15 true
     0 | D:1      | 0 ||| qw: Do second Lair branch before Depths: true
     0 | D:1      | 0 ||| qw: Lair rune preference: random
     0 | D:1      | 0 ||| qw: Plans: Normal
     0 | D:1      | 0 ||| PLANNING D:1-11
   104 | D:1      | Reached XP level 2. HP: 25/25 MP: 1/1
   135 | D:1      | Reached skill level 5 in Ranged Weapons
   248 | D:1      | Reached skill level 3 in Fighting
   499 | D:1      | Reached XP level 3. HP: 31/31 MP: 2/2
   598 | D:1      | 598 ||| READING scroll labelled FIN BIFENE.
   599 | D:1      | 599 ||| READING scroll labelled KEFFEU HOCRIDE.
   655 | D:1      | 655 ||| DRINKING 2 golden potions.
   656 | D:1      | 656 ||| DROPPING scroll of butterflies.
  1025 | D:2      | HP: 2/31 [worm (10)]
  1241 | D:2      | Found Mahetisa's Distillery.
  1247 | D:2      | 1247 ||| BUYING potion of curing (30 gold).
  1247 | D:2      | Bought a potion of curing for 30 gold pieces
  1247 | D:2      | 1247 ||| BUYING potion of curing (30 gold).
  1247 | D:2      | Bought a potion of curing for 30 gold pieces
  1247 | D:2      | 1247 ||| SHOPLISTING potion of curing (30 gold, have 26).
  1247 | D:2      | 1247 ||| SHOPLISTING potion of heal wounds (50 gold, have
                  | 26).
  1247 | D:2      | 1247 ||| SHOPLISTING potion of mutation (80 gold, have 26).
  1494 | D:2      | 1494 ||| DROPPING scarf of invisibility.
  1495 | D:2      | 1495 ||| UPGRADING to +0 pair of boots.
  1500 | D:2      | 1500 ||| UPGRADING to +6 ring of dexterity.
  1501 | D:2      | 1501 ||| UPGRADING to ring of positive energy.
  1502 | D:2      | 1502 ||| DROPPING ring of flight.
  1503 | D:2      | 1503 ||| READING scroll labelled ALUDGH BUIGEZOE.
  1604 | D:2      | 1604 ||| READING scroll labelled MOZATI LARARCH.
  1700 | D:3      | Found a faded altar of an unknown god.
  1855 | D:3      | Reached skill level 6 in Ranged Weapons
  1855 | D:3      | Reached XP level 4. HP: 34/38 MP: 3/3
  1921 | D:3      | Reached skill level 1 in Armour
  2572 | D:3      | 2572 ||| UPGRADING to +4 ring of protection.
  2574 | D:3      | 2574 ||| UPGRADING to ring of poison resistance.
  2576 | D:3      | 2576 ||| DROPPING ring of positive energy.
  2577 | D:3      | 2577 ||| READING scroll labelled LAIDOK UZUBOOCOKH.
  2672 | D:4      | Noticed a gnoll sergeant
  2673 | D:4      | 2673 ||| Stepping ~*~*~tactically~*~*~ (outnumbered).
  2686 | D:4      | Reached skill level 3 in Dodging
  2688 | D:4      | 2688 ||| Stepping ~*~*~tactically~*~*~ (outnumbered).
  2698 | D:4      | HP: 4/35 [gnoll sergeant/+0 spear (12)]
  2699 | D:4      | HP: 1/35 [orc/+2 short sword of draining (3)]
  2699 | D:4      | Slain by an orc

Levels and vault maps discovered:
D:1:      saegor_arrival_under_anarchy, layout_rooms, serial_forest,
          infiniplex_forest_3_way, infiniplex_forest_lined_3,
          infiniplex_forest_zigzag_2, infiniplex_forest_clump_large,
          infiniplex_forest_end_3, infiniplex_forest_clump_long,
          infiniplex_forest_diagonal
D:2:      layout_basic, serial_shops, shop
D:3:      layout_loops_corners, basic_ecumenical_altar, corner_web_ring,
          minmay_strange_pillars, minmay_misc_feat_five
D:4:      layout_basic, nicolae_dithmenos_the_darkroom, minmay_bent

Skill      XL: |  1  2  3  4 |
---------------+-------------+-----
Ranged Weapons | 5 6 |  6.0
Fighting       | 3 |  3.2
Armour         | 1 |  1.0
Dodging        | 3 |  3.0
Stealth        | |  0.7

Action                     |  1- 3 |  4- 6 || total
---------------------------+-------+-------++-------
   Fire: Shortbow          |   155 |    56 ||   211
    Use: Scroll            |     4 |     1 ||     5
         Potion            |     1 |       ||     1
 Armour: Leather armour    |    11 |    13 ||    24
  Dodge: Dodged            |    49 |    27 ||    76

Table legend:
 A = Non-vault XP
 B = Vault XP
 C = Vault XP percentage of total XP
 D = Non-vault monster count
 E = Vault monster count
 F = Vault count percentage of total count
                 A         B        C        D         E       F
            +---------+---------+-------+---------+---------+-------
      Total |     164 |      11 |   6.3 |      57 |       5 |   8.1
            +---------+---------+-------+---------+---------+-------
        D:1 |      45 |       0 |   0.0 |      26 |       0 |   0.0
        D:2 |      44 |       0 |   0.0 |      16 |       0 |   0.0
        D:3 |      55 |       0 |   0.0 |      12 |       0 |   0.0
        D:4 |      20 |      11 |  35.5 |       3 |       5 |  62.5
            +---------+---------+-------+---------+---------+-------
